 Dungeon Crawl Stone Soup version 0.17.1-1-g73c8601 (webtiles) character file.

224 Implojin the Ruffian (level 5, -1/50 HPs)
             Began as a Troll Fighter on Mar 31, 2016.
             Slain by a sky beast (5 damage)
             ... on level 5 of the Dungeon.
             The game lasted 00:03:50 (577 turns).

Implojin the Ruffian (Troll Fighter)                 Turns: 577, Time: 00:03:50

Health: -1/50      AC:  5    Str: 24    XL:     5   Next: 67%
Magic:  4/4        EV:  8    Int:  4    God:
Gold:   41         SH:  8    Dex: 10    Spells: 0 memorised, 4 levels left

rFire  . . .     SeeInvis .       - Unarmed
rCold  . . .     Clarity  .     a - +0 robe
rNeg   . . .     SustAt   .     b - +0 shield
rPois  .         Gourm    +     (helmet restricted)
rElec  .         Spirit   .     (no cloak)
rCorr  .         Warding  .     (gloves unavailable)
rMut   .         Stasis   .     (boots unavailable)
MR     .....                    n - amulet of rage
Stlth  +.........               (no ring)
                                (no ring)

@: not resistant to hostile enchantments, very unstealthy
A: unfitting armour, claws 3, fast metabolism 3, gourmand, regeneration 2,
shaggy fur 1, tough skin 2
a: Evoke Berserk Rage


You were on level 5 of the Dungeon.
You were full.

You visited 1 branch of the dungeon, and saw 6 of its levels.

You collected 41 gold pieces.

Inventory:

Missiles
 k - 7 tomahawks (quivered)
Armour
 a - a +0 robe (worn)
 b - a +0 shield (worn)
Magical Staves
 m - an uncursed staff of conjuration {unknown}
Jewellery
 f - an uncursed ring of wizardry {unknown}
 n - an amulet of rage (around neck)
Scrolls
 e - a scroll of teleportation
 g - a scroll of noise
Potions
 c - a potion of might
 l - a potion of berserk rage
Comestibles
 d - 3 bread rations
 i - a beef jerky
 j - a meat ration


   Skills:
 - Level 2.4 Fighting
 - Level 2.4 Dodging
 - Level 2.4 Shields
 * Level 6.0 Unarmed Combat


You had 4 spell levels left.
You didn't know any spells.

Dungeon Overview and Level Annotations

Branches:
Dungeon (6/15)
 Temple: D:4-7

Altars:
Fedhas
Ru


Innate Abilities, Weirdness & Mutations

You are too large for most types of armour.
You have claws for hands.
Your metabolism is lightning-fast.
You like to eat raw meat.
You heal very quickly.
You are covered in fur (AC +1).
You have very tough skin (AC +2).


Message History

Something shocks you.
* * * LOW HITPOINT WARNING * * *
Found 5 arrows.
Found an escape hatch in the floor.
You scratch something. Something hits you.
* * * LOW HITPOINT WARNING * * *
Something shocks you.
* * * LOW HITPOINT WARNING * * *
A sky beast appears from thin air!
Reactivating autopickup.
You scratch the sky beast.
The sky beast is lightly wounded.
The sky beast hits you but does no damage.
Your shield prevents you from hitting the sky beast.
The sky beast is lightly wounded.
You block the sky beast's attack.
You closely miss the sky beast.
The sky beast is lightly wounded.
The sky beast hits you.
* * * LOW HITPOINT WARNING * * *
The sky beast shocks you.
* * * LOW HITPOINT WARNING * * *
You barely miss the sky beast.
The sky beast is lightly wounded.
The sky beast flickers out of sight!
Deactivating autopickup; reactivate with Ctrl-A.
Something hits you but does no damage.
You scratch something. Something hits you.
* * * LOW HITPOINT WARNING * * *
Something shocks you.
* * * LOW HITPOINT WARNING * * *
A sky beast appears from thin air!
Reactivating autopickup.
You closely miss the sky beast.
The sky beast is moderately wounded.
The sky beast flickers out of sight!
Deactivating autopickup; reactivate with Ctrl-A.
Something hits you.
* * * LOW HITPOINT WARNING * * *
Something shocks you.
You die...

.....# #.#. #.## ..... ....#.#
.....####### #..#[# #.......#..#
#..#[# #... .#..##.#.##.# #....#
# .... .........#..###....# #.
..> ...................###### ...
..# #.......................#
...##.# ##.....@<...............
.....# ####.{.........$.......
..##..########§................[.
.........≈....###................
##.....######..###...............
...##..# ##................... ..
..### #####............... . ..<
#..............# .....
#......>.....###


There were no monsters in sight!

Vanquished Creatures
  A scorpion (D:6)
  A crimson imp (D:5)
  A hound (D:6)
  A giant frog skeleton (D:6)
  An orc wizard (D:5)
  A worker ant (D:5)
  2 worms
  11 orcs
  A hobgoblin (D:1)
  3 jackals (D:3)
  A giant gecko (D:2)
  2 quokkas
  A rat (D:3)
27 creatures vanquished.

Notes
Turn   | Place    | Note
--------------------------------------------------------------
     0 | D:1      | Implojin the Troll Fighter began the quest for the Orb.
     0 | D:1      | Reached XP level 1. HP: 22/22 MP: 0/0
   150 | D:3      | Reached XP level 2. HP: 13/29 MP: 1/1
   205 | D:3      | Reached skill level 3 in Unarmed Combat
   230 | D:3      | Found a sacrificial altar of Ru.
   253 | D:5      | Entered Level 5 of the Dungeon
   291 | D:5      | HP: 1/29 [something/magic dart (3)]
   292 | D:5      | Reached XP level 3. HP: 1/36 MP: 2/2
   322 | D:5      | Reached skill level 4 in Unarmed Combat
   322 | D:5      | Reached XP level 4. HP: 15/44 MP: 3/3
   353 | D:5      | Reached skill level 5 in Unarmed Combat
   359 | D:5      | Found a blossoming altar of Fedhas.
   381 | D:5      | Noticed an ogre
   451 | D:6      | Noticed an ogre
   460 | D:6      | Reached XP level 5. HP: 46/50 MP: 4/4
   492 | D:6      | HP: 2/50 [giant frog skeleton (5)]
   494 | D:6      | Reached skill level 6 in Unarmed Combat
   556 | D:5      | Noticed a sky beast
   577 | D:5      | Slain by a sky beast

Action                   |  1- 3 |  4- 6 || total
-------------------------+-------+-------++-------
Melee: Unarmed           |    56 |    54 ||   110
  Use: Scroll            |       |     4 ||     4
  Eat: Chunk             |     5 |     2 ||     7

Table legend:
 A = Turns spent in this place as a percentage of turns spent in the entire game.
 B = Non-inter-level travel turns spent in this place as a percentage of non-inter-level travel turns spent in the entire game.
 C = Inter-level travel turns spent in this place as a percentage of turns spent in this place.
 D = Turns resting spent in this place as a percentage of non-inter-level travel turns spent in this place.
 E = Turns spent auto-exploring this place as a percentage of non-inter-level travel turns spent in this place.
 F = Non-inter-level travel turns spent in this place divided by the number of levels of this place that you've seen.
                   A       B       C       D       E      F
               +-------+-------+-------+-------+-------+----------------------
         Total | 100.0 | 100.0 |   0.0 |   0.0 |   0.0 |  94.3
       Dungeon | 100.0 | 100.0 |   0.0 |   0.0 |   0.0 |  94.3
               +-------+-------+-------+-------+-------+----------------------

Table legend:
 A = Kills in this place as a percentage of kills in entire the game.
 B = Kills by you in this place as a percentage of kills by you in the entire game.
 C = Kills by friends in this place as a percentage of kills by friends in the entire game.
 D = Other kills in this place as a percentage of other kills in the entire game.
 E = Experience gained in this place as a percentage of experience gained in the entire game.
 F = Experience gained in this place divided by the number of levels of this place that you have seen.
                   A       B       C       D       E      F
               +-------+-------+-------+-------+-------+----------------------
         Total | 100.0 | 100.0 |  -nan |  -nan | 100.0 |  53.5
       Dungeon | 100.0 | 100.0 |  -nan |  -nan | 100.0 |  53.5
               +-------+-------+-------+-------+-------+----------------------
